 Dungeon Crawl Stone Soup version 0.28.0-43-g3370ac3207 (webtiles) character file.

Game seed: 10966659811093747688

667 mortz the Conjurer (level 7, 0/48 HPs)
             Began as a Human Conjurer on Mar 4, 2022.
             Was an Initiate of Vehumet.
             Killed by divine providence
             ... invoked by an orc priest
              (13 damage)
             ... on level 5 of the Dungeon.
             The game lasted 00:30:11 (5080 turns).

mortz the Conjurer (Human Conjurer)                 Turns: 5080, Time: 00:30:12

Health: 0/48       AC:  5    Str: 13    XL:     7   Next: 88%
Magic:  0/12       EV: 12    Int: 21    God:    Vehumet [......]
Gold:   167        SH:  0    Dex: 11    Spells: 3/13 levels left

rFire   . . .      SeeInvis .   g - +0 short sword (flame) {short}
rCold   . . .      Faith    .   (no shield)
rNeg    . . .      Spirit   .   t - +0 leather armour
rPois   .          Reflect  .   (no helmet)
rElec   .          Harm     .   (no cloak)
rCorr   .          Rampage  .   m - +1 pair of gloves
Will    .....                   (no boots)
Stlth   ++........              (no amulet)
HPRegen 0.16/turn               f - +6 ring of strength
MPRegen 0.13/turn               C - ring of flight

@: flying
A: no striking features
a: Renounce Religion


You were on level 5 of the Dungeon.
You worshipped Vehumet.
Vehumet was noncommittal.
You visited 2 branches of the dungeon, and saw 6 of its levels.

You collected 167 gold pieces.


   Skills:
 + Level 1.4 Fighting
 + Level 3.5 Short Blades
 + Level 1.1 Armour
 + Level 3.0 Dodging
 + Level 3.4 Stealth
 + Level 3.6 Spellcasting
 + Level 5.9 Conjurations


You had 3 spell levels left.
You knew the following spells:

 Your Spells              Type           Power      Damage    Failure   Level
a - Magic Dart            Conj           100%       1d8       1%          1
b - Searing Ray           Conj           56%        2d6       1%          2
c - Dazzling Flash        Conj/Hex       32%        N/A       14%         3
d - Iskenderun's Mystic   Conj/Tloc      16%        2d5       43%         4

Your spell library contained the following spells:

 Spells                   Type           Power      Damage    Failure   Level
 Gell's Gravitas          Tloc           3%         N/A       43%         3
 Lesser Beckoning         Tloc           3%         N/A       43%         3
 Teleport Other           Tloc           3%         N/A       43%         3
 Fulminant Prism          Conj/Hex       8%         3d7       41%         4

Inventory:

Hand Weapons
 g - a +0 short sword of flaming (weapon) {short}
   (You found it on level 1 of the Dungeon)
 k - a +0 dagger of electrocution {short}
   (You took it off a goblin on level 2 of the Dungeon)
Missiles
 d - 6 boomerangs {throwing}
 j - 121 stones {throwing}
 s - 21 poisoned darts {throwing}
 u - 6 javelins {throwing}
 x - 6 atropa-tipped darts {throwing}
 z - a boomerang of dispersal {=f!fthrowing}
Armour
 a - a +0 robe
 i - a +0 chain mail
   (You found it on level 2 of the Dungeon)
 m - a +1 pair of gloves (worn)
   (You found it on level 2 of the Dungeon)
 p - a +0 ring mail
   (You took it off an orc on level 3 of the Dungeon)
 t - a +0 leather armour (worn)
   (You took it off an orc on level 3 of the Dungeon)
 v - a +0 scale mail
   (You found it on level 4 of the Dungeon)
Jewellery
 f - a +6 ring of strength (left hand)
   (You found it on level 1 of the Dungeon)
 C - a ring of flight (right hand)
   (You found it on level 5 of the Dungeon)
Scrolls
 b - a scroll of enchant weapon {unknown}
 c - 2 scrolls of fog
 e - 4 scrolls of identify {@r1}
 l - a scroll of summoning {unknown}
 n - a scroll of brand weapon {unknown}
 y - a scroll of blinking {unknown}
 A - a scroll of teleportation {unknown}
Potions
 h - a potion of flight {unknown}
 o - 2 potions of heal wounds {@q2}
 q - 4 potions of curing {@q1}
 r - a potion of berserk rage {unknown}
 w - 2 potions of cancellation
 B - 2 potions of attraction {!q}
 D - a potion of haste {unknown}

Dungeon Overview and Level Annotations

Branches:
Dungeon (5/15)             Temple (1/1) D:4

Altars:
Cheibriados
Fedhas
Okawaru
Sif Muna
Trog
Vehumet
Yredelemnul

Annotations:
D:3 Pargi
D:4 Eustachio
D:5 Menkaure

#.# ### #.### #..
..).
######.###.####
..............#
#....o....#
#..###)##.# #..#
#.##.## #..#
#†#@..###.
###.o###o.........
#........#...###.#
#.#..###.##.## #.#
#....# #.# .# #.#
#>..## #.# .# #.#
#...# #.# .# #.#
#...####.. .. #.#
#.....####


You could see an orc priest.


Message History

😎 MP[-1]
You lost 1 mp, and now have 9/12 mp.
Casting: Magic Dart (safe; 1% risk of failure)
Confirm with . or Enter, or press ? or * to list all spells.
Aiming: Searing Ray (safe; 2% risk of failure)
Press: ? - help, Shift-Dir - straight line, f - sky beast
Aim: a sky beast (71% to hit)
The searing ray hits the sky beast. (Press . to maintain the ray.)
An orc priest comes into view. It is wielding a +0 dagger. 😎 MP[-2]
You lost 2 mp, and now have 7/12 mp.
The searing ray hits the sky beast.
The orc priest shouts! 😎 MP[-1]
You lost 1 mp, and now have 6/12 mp.
The searing ray hits the sky beast.
The sky beast flickers out of sight!
Deactivating autopickup; reactivate with Ctrl-A. 😎 MP[-1]
You lost 1 mp, and now have 5/12 mp.
The searing ray misses the orc.
You finish channelling your searing ray.
Something hits you but does no damage.
The orc priest invokes the aid of Beogh against you.
Beogh smites you! 😕 HP[-9] MP[-1]
You take 9 damage, and now have 39/48 hp.
You lost 1 mp, and now have 4/12 mp.
Casting: Searing Ray (safe; 2% risk of failure)
Confirm with . or Enter, or press ? or * to list all spells.
Aiming: Searing Ray (safe; 2% risk of failure)
Press: ? - help, Shift-Dir - straight line, f - orc
Aim: an orc, wielding a +0 whip (lightly wounded, 79% to hit)
The searing ray hits the orc!
You kill the orc!
Vehumet accepts your kill. (Press . to maintain the ray.)
Something hits you but does no damage.
The orc priest miscasts a cantrip. 😕 HP[+1] MP[-1]
You lost 1 mp, and now have 3/12 mp.
Something hits you. Something shocks you.
The orc priest mumbles some strange prayers to Beogh against you.
Something writhes in agony. 😮 HP[-6] MP[-1]
You take 6 damage, and now have 34/48 hp.
You lost 1 mp, and now have 2/12 mp.
The searing ray hits something.
Something hits you but does no damage.
The orc priest calls down the wrath of Beogh upon you.
Something writhes in agony!
Reactivating autopickup.
You feel a bit more experienced.
Your Armour skill increases to level 1!
Your Dodging skill increases to level 3! 😮 MP[-1]
You lost 1 mp, and now have 1/12 mp.
You finish channelling your searing ray. 😮 MP[-1]
You lost 1 mp, and now have 0/12 mp.
Casting: Searing Ray (safe; 1% risk of failure)
Confirm with . or Enter, or press ? or * to list all spells.
You don't have enough magic to cast this spell.
The orc priest calls down the wrath of Beogh upon you.
Pain shoots through your body!
* * * LOW HITPOINT WARNING * * *
😨 HP[-13]
You take 13 damage, and now have 21/48 hp.
MASSIVE DAMAGE!! (PAUSE) 😨 HP[+1] 😨 MP[+1]
You start resting.
An orc priest is nearby!
The orc priest looks braver for a moment. 😨 HP[+1] 😨 MP[+1]
Things that are here:
a +0 whip {mace}; an orc corpse You see here a sky beast corpse. 😨 HP[+1]
You start resting.
An orc priest is nearby! 😨 MP[+1]
Casting: Searing Ray (safe; 1% risk of failure)
Confirm with . or Enter, or press ? or * to list all spells.
Aiming: Searing Ray (safe; 1% risk of failure)
Press: ? - help, Shift-Dir - straight line, f - orc priest
Aim: an orc priest, wielding a +0 dagger (79% to hit)
The searing ray hits the orc priest. (Press . to maintain the ray.)
The orc priest calls down the wrath of Beogh upon you.
Beogh smites you!
* * * LOW HITPOINT WARNING * * *
😱 HP[-12] MP[-2]
You take 12 damage, and now have 12/48 hp.
MASSIVE DAMAGE!! (PAUSE)
You lost 2 mp, and now have 1/12 mp.
The searing ray hits the orc priest!
The orc priest mumbles some strange prayers to Beogh against you.
Beogh smites you!
You die...

Skill      XL: |  1  2  3  4  5  6  7 |
---------------+----------------------+-----
Short Blades   | 1 2 3 |  3.5
Conjurations   | 5 |  5.9
Fighting       | 1 |  1.4
Spellcasting   | 3 |  3.6
Stealth        | 3 |  3.4
Armour         | 1 |  1.1
Dodging        | 3 |  3.0

Action                   |  1- 3 |  4- 6 |  7- 9 || total
-------------------------+-------+-------+-------++-------
Melee: Short sword       |    49 |       |     3 ||    52
 Cast: Magic Dart        |    30 |    12 |    33 ||    75
       Searing Ray       |    14 |    10 |    17 ||    41
       Dazzling Flash    |       |       |     1 ||     1
  Use: Scroll            |       |     2 |     3 ||     5
Armor: Robe              |    14 |       |       ||    14
       Leather armour    |       |     2 |    11 ||    13
Dodge: Dodged            |    34 |     7 |    27 ||    68

Levels and vault maps discovered:
D:1:      amcnicky_arrival_flooded_fountain, layout_basic
D:2:      layout_basic, st_stairs_3, dk_noncrumbling_4, hangedman_decor_points
D:3:      layout_rooms, ebering_ecumenical_altar_sacrificial, minmay_liquid_box,
          kennysheep_generic_room_8
D:4:      layout_rooms, temple_pool_b, palyth_stone_intersect, uniq_pargi,
          uniq_blork_the_orc, uniq_eustachio, uniq_grinder
D:5:      layout_loops_ring, kennysheep_cross_room, uniq_menkaure
Temple:   eino_temple_water

Notes
Turn   | Place    | Note
-------+----------+-------------------------------------------
     0 | D:1      | mortz the Human Conjurer began the quest for the Orb.
     0 | D:1      | Reached XP level 1. HP: 13/13 MP: 3/3
     0 | D:1      | magus.rc [v1.9.6]
   299 | D:1      | Reached XP level 2. HP: 19/19 MP: 5/5
   318 | D:1      | Learned a level 2 spell: Searing Ray
  1309 | D:2      | Reached XP level 3. HP: 24/24 MP: 0/6
  1415 | D:2      | Reached skill level 1 in Short Blades
  2247 | D:3      | Found a faded altar of an unknown god.
  2686 | D:3      | Reached XP level 4. HP: 19/30 MP: 1/7
  2874 | D:3      | Reached skill level 2 in Short Blades
  3075 | D:3      | Reached XP level 5. HP: 35/35 MP: 2/8
  3193 | D:4      | Noticed Grinder
  3277 | D:4      | Paralysed by Grinder for 3 turns
  3282 | D:4      | Paralysed by Grinder for 4 turns
  3290 | D:4      | Killed Grinder
  3291 | D:4      | Reached skill level 3 in Short Blades
  3291 | D:4      | Reached skill level 5 in Conjurations
  3291 | D:4      | Reached XP level 6. HP: 20/42 MP: 0/10
  3516 | D:4      | Noticed Pargi
  3560 | D:4      | Reached skill level 1 in Fighting
  3644 | D:4      | Noticed Blork the orc
  3656 | D:4      | Killed Blork the orc
  3657 | D:4      | Reached skill level 3 in Spellcasting
  3657 | D:4      | Reached XP level 7. HP: 44/48 MP: 2/11
  4012 | D:4      | Learned a level 3 spell: Dazzling Flash
  4017 | D:4      | Learned a level 4 spell: Iskenderun's Mystic Blast
  4192 | D:4      | Reached skill level 3 in Stealth
  4263 | D:4      | Found a staircase to the Ecumenical Temple.
  4581 | Temple   | Entered the Ecumenical Temple
  4597 | Temple   | Became a worshipper of Vehumet
  4706 | D:4      | Noticed Eustachio
  4743 | D:5      | Entered Level 5 of the Dungeon
  4844 | D:5      | Noticed Menkaure
  4893 | D:5      | You pick up a book of Displacement and begin reading...
  4893 | D:5      | You add the spells Lesser Beckoning, Gell's Gravitas and
                  | Teleport Other to your library.
  5058 | D:5      | Reached skill level 1 in Armour
  5058 | D:5      | Reached skill level 3 in Dodging
  5079 | D:5      | HP: 12/48 [orc priest/divine providence (12)]
  5080 | D:5      | Killed from afar by an orc priest

Vanquished Creatures
  Grinder (D:4)
  A black bear (D:4)
  Blork the orc (D:4)
  2 centaur skeletons
  2 orc wizards
  4 gnolls (D:4)
  An adder (D:4)
  A white imp (D:5)
  An adder skeleton (D:4)
  2 worms
  15 orcs
  An endoplasm (D:1)
  A giant cockroach (D:2)
  5 hobgoblins
  2 jackals (D:5)
  8 kobolds
  2 quokkas
  9 ball pythons
  8 bats
  A frilled lizard (D:1)
  7 goblins
  5 rats
80 creatures vanquished.

Vanquished Creatures (others)
  A sky beast (D:5)
1 creature vanquished.

Grand Total: 81 creatures vanquished

Table legend:
 A = Non-vault XP
 B = Vault XP
 C = Vault XP percentage of total XP
 D = Non-vault monster count
 E = Vault monster count
 F = Vault count percentage of total count
                 A         B        C        D         E       F
            +---------+---------+-------+---------+---------+-------
      Total |     578 |     376 |  39.4 |      75 |       6 |   7.4
            +---------+---------+-------+---------+---------+-------
        D:1 |      22 |       0 |   0.0 |      16 |       0 |   0.0
        D:2 |      28 |       3 |   9.7 |      15 |       2 |  11.8
        D:3 |      98 |       5 |   4.9 |      13 |       2 |  13.3
        D:4 |     267 |     368 |  58.0 |      20 |       2 |   9.1
        D:5 |     163 |       0 |   0.0 |      11 |       0 |   0.0
            +---------+---------+-------+---------+---------+-------

Illustrated notes

Table legend:
 A = Kills in this place as a percentage of kills in entire the game.
 B = Kills by you in this place as a percentage of kills by you in the entire game.
 C = Kills by friends in this place as a percentage of kills by friends in the entire game.
 D = Other kills in this place as a percentage of other kills in the entire game.
 E = Experience gained in this place as a percentage of experience gained in the entire game.
 F = Experience gained in this place divided by the number of levels of this place that you have seen.
                   A       B       C       D       E      F
               +-------+-------+-------+-------+-------+----------------------
         Total | 100.0 | 100.0 |   N/A | 100.0 | 100.0 | 159.0
       Dungeon | 100.0 | 100.0 |   N/A | 100.0 | 100.0 | 190.8
               +-------+-------+-------+-------+-------+----------------------

Table legend: (Time is in decaauts)
 A = Elapsed time spent in this place.
 B = Non-inter-level travel time spent in this place.
 C = Inter-level travel time spent in this place.
 D = Time resting spent in this place.
 E = Time spent auto-exploring this place.
 F = Levels seen in this place.
 G = Mean time per level.
                   A        B        C        D        E       F      G
               +--------+--------+--------+--------+--------+-----+--------+
         Total |   5089 |   4888 |    201 |   2036 |   1887 |   6 |  848.2 |
       Dungeon |   5056 |   4876 |    180 |   2036 |   1882 |   5 | 1011.2 |
        Temple |     32 |     11 |     21 |      0 |      5 |   1 |   32.0 |
               +--------+--------+--------+--------+--------+-----+--------+

Top non-repeatable levels by time:
     D:3: 1271 daAuts
     D:1: 1239 daAuts
     D:2: 1130 daAuts
     D:4: 1080 daAuts
     D:5: 336 daAuts
  Temple: 32 daAuts
